 Dungeon Crawl Stone Soup version 0.28-a0-429-g1448048969 (webtiles) character file.

Game seed: 5956979160350302159

329 Shayle the Insei (level 6, -3/47 HPs)
             Began as a Djinni Warper on Sept 11, 2021.
             Killed from afar by a white imp (12 damage)
             ... with a puff of frost
             ... on level 6 of the Dungeon.
             The game lasted 00:12:30 (5167 turns).

Shayle the Insei (Djinni Warper)                    Turns: 5167, Time: 00:12:33

Health: -3/47      AC:  3    Str: 15 (16) XL:     6   Next: 80%
Gold:   389        EV: 11    Int: 13 (16) God:
                   SH:  0    Dex: 11 (13)

rFire   + + .      SeeInvis .   f - +4 club
rCold   x . .      Faith    .   (no shield)
rNeg    . . .      Spirit   .   a - +0 leather armour
rPois   ∞          Reflect  .   (no helmet)
rElec   .          Harm     .   (no cloak)
rCorr   .          Rampage  .   (no gloves)
Will    .....                   (boots unavailable)
Stlth   +.........              (no amulet)
HPRegen 0.15/turn               d - +6 ring of strength
MPRegen 0.00/turn               (no ring)

@: flying
A: sickness immunity, fire resistance 2, cold vulnerability 1, float, innate
caster, hp casting, extra vitality 1
a: no special abilities


You were on level 6 of the Dungeon.
You visited 1 branch of the dungeon, and saw 6 of its levels.

You collected 389 gold pieces.

Inventory:

Hand Weapons
 f - a +4 club (weapon)
 h - a +0 whip of venom
 m - a +1 short sword of distortion
Missiles
 c - 2 boomerangs of dispersal (quivered)
Armour
 a - a +0 leather armour (worn)
Jewellery
 d - a +6 ring of strength (left hand)
 g - an amulet of the acrobat
 o - a ring of protection from cold
Wands
 i - a wand of flame (18)
Scrolls
 b - a scroll of blinking
 k - 3 scrolls of identify
 l - a scroll of teleportation {unknown}
 n - a scroll of enchant armour {unknown}
 q - a scroll of magic mapping
Potions
 p - a potion of heal wounds {unknown}


   Skills:
 + Level 3.7 Fighting
 - Level 0.7 Throwing
 - Level 1.0 Armour
 - Level 2.1 Dodging
 * Level 4.9 Unarmed Combat
 + Level 3.3 Spellcasting


You couldn't memorise any spells.
You knew the following spells:

 Your Spells              Type           Power      Damage    Failure   Level
a - Blink                 Tloc           N/A        N/A       11%         2
b - Lesser Beckoning      Tloc           11%        N/A       21%         3
c - Gell's Gravitas       Tloc           5%         N/A       21%         3
d - Teleport Other        Tloc           11%        N/A       21%         3
e - Manifold Assault      Tloc           11%        N/A       88%         5
f - Foxfire               Conj/Fire      44%        2x1d6     7%          1
g - Searing Ray           Conj           22%        2d5       11%         2
Your spell library was empty.

Dungeon Overview and Level Annotations

Branches:
Dungeon (6/15)
 Temple: D:4-7

Altars:
Okawaru
Ru

Shops:
D:1 :

Annotations:
D:3 3 runed translucent doors, RandomusNamus's ghost, amateur GrFi; Terence
D:5 Dowan; Duvessa


Innate Abilities, Weirdness & Mutations

You are immune to sickness and miasma.
You are immune to poison.
Your flesh is very heat resistant. (rF++)
You are vulnerable to cold. (rC-)
You float through the air rather than walking.
You learn spells naturally, not from books.
Your magical power is your life essence.
You have superior vitality. (+4 HP)


Message History

The searing ray hits the white imp.
The white imp is lightly wounded.
The howler monkey howls!
The white imp closely misses you.
The howler monkey hoots and howls with incredible vigour!
Unknown command.
The searing ray hits the white imp.
The white imp is severely wounded.
The white imp gestures at you. The puff of frost hits you!
You feel a terrible chill!
Unknown command.
The searing ray misses the white imp.
You finish channelling your searing ray.
The white imp hits you. The white imp freezes you.
You feel a terrible chill!
Unknown command.
The white imp closely misses you.
You hit the white imp but do no damage.
The white imp is severely wounded.
The white imp barely misses you. The howler monkey barely misses you.
The white imp gestures at you. The puff of frost hits you!
You feel a terrible chill!
* * * LOW HITPOINT WARNING * * *
It was a potion of degeneration.
There was something very wrong with that liquid.
You feel weakened.
You feel dopey.
You feel clumsy. The howler monkey barely misses you.
The white imp closely misses you. The howler monkey closely misses you.
It was a potion of curing.
You feel better. The howler monkey hits you.
The white imp hits you but does no damage.
You hit the white imp.
The white imp is almost dead.
The howler monkey misses you.
The white imp hits you but does no damage.
You hit the white imp.
The white imp is almost dead.
The howler monkey hits you!
* * * LOW HITPOINT WARNING * * *
The white imp gestures at you. The puff of frost hits you!
You feel a terrible chill!
You die...

....# ...# .... ... ..
#.. .. #.# .... #.#
.#.##.#.. ##
##h##.#.##.#.#####..
#..@5.#.##.#.......#
#.....#.#..#.##.#..#
######....##.##.#..#....#
#..........#.#.......#.##
#.######.###.#..#....#.#.
#...............#.#.
#.#.###.##.##..##.#.
#.#.# #.........#.#.
#.#.# ####.##...#.#.


You could see a howler monkey and a white imp.

Vanquished Creatures
  An ogre (D:6)
  A bullfrog zombie (D:6)
  Jessica (D:3)
  2 iguanas
  A hound skeleton (D:4)
  3 adders (D:2)
  A white imp (D:3)
  2 adder skeletons (D:4)
  A worm (D:2)
  4 dart slugs
  6 orcs
  5 ball pythons
  5 bats
  10 endoplasms
  4 giant cockroaches
  4 hobgoblins
  4 jackals (D:1)
  A quokka (D:4)
  2 frilled lizards
  5 goblins
  6 kobolds
  5 rats
74 creatures vanquished.

Vanquished Creatures (others)
  85 foxfires
  2 fungi (D:3)
  5 toadstools (D:3)
92 creatures vanquished.

Grand Total: 166 creatures vanquished

Notes
Turn   | Place    | Note
-------+----------+-------------------------------------------
     0 | D:1      | Shayle the Djinni Warper began the quest for the Orb.
     0 | D:1      | Reached XP level 1. HP: 18/18 MP: 0/0
   313 | D:1      | Found Mopeisarr's Book Shop.
   330 | D:1      | Reached XP level 2. HP: 13/23 MP: 0/0
  1218 | D:1      | Reached XP level 3. HP: 29/29 MP: 0/0
  1218 | D:1      | Learned a level 1 spell: Foxfire
  1227 | D:1      | Found a faded altar of an unknown god.
  1866 | D:2      | Reached skill level 3 in Unarmed Combat
  2124 | D:2      | Found an iron altar of Okawaru.
  2137 | D:2      | Reached XP level 4. HP: 32/34 MP: 0/0
  3251 | D:3      | Found a sacrificial altar of Ru.
  3279 | D:3      | Found a runed translucent gate.
  3279 | D:3      | Found a runed translucent gate.
  3279 | D:3      | Found a runed translucent gate.
  3279 | D:3      | Noticed RandomusNamus's ghost (amateur GrFi)
  3451 | D:3      | Noticed Jessica
  3465 | D:3      | Killed Jessica
  3466 | D:3      | Reached XP level 5. HP: 33/40 MP: 0/0
  3466 | D:3      | Learned a level 2 spell: Searing Ray
  3662 | D:3      | Noticed Terence
  4309 | D:4      | Reached skill level 4 in Unarmed Combat
  4921 | D:4      | Reached XP level 6. HP: 46/46 MP: 0/0
  4937 | D:5      | Entered Level 5 of the Dungeon
  4954 | D:5      | Noticed Dowan
  4961 | D:5      | Noticed Duvessa
  5054 | D:6      | Noticed an ogre
  5059 | D:6      | Killed an ogre
  5167 | D:6      | Killed from afar by a white imp

Illustrated notes

Levels and vault maps discovered:
D:1:      tarquinn_simple_flora_water_a, layout_loops_ring, serial_shops, shop,
          hellmonk_ecumenical_altar_blasted
D:2:      layout_basic, basic_altar, minivault_5, corner_web_ring
D:3:      layout_loops_ring, amcnicky_altar_gilded, gammafunk_ghost_necromancy,
          minmay_gold_behind_fungi, minmay_misc_feat_ornament, uniq_jessica,
          uniq_terence
D:4:      layout_basic
D:5:      minmay_chambers_of_fours, layout_rooms,
          nicolae_overflow_crystal_walls,
          nicolae_hepliaklqana_monster_ancestors, sigmund_edmund_badplayer,
          uniq_duvessa, uniq_blork_the_orc
D:6:      layout_basic, nicolae_water_bricks, uniq_menkaure

Skill      XL: |  1  2  3  4  5 |
---------------+----------------+-----
Unarmed Combat | 3 4 |  4.9
Fighting       | 3 |  3.7
Spellcasting   | 3 |  3.3
Throwing       | |  0.7
Armour         | |  1.0
Dodging        | |  2.1

Action                   |  1- 3 |  4- 6 || total
-------------------------+-------+-------++-------
Melee: Unarmed           |    91 |    25 ||   116
       Punch             |     1 |     1 ||     2
       Club              |       |    42 ||    42
Throw: Boomerang         |       |     3 ||     3
 Cast: Foxfire           |    19 |    40 ||    59
       Searing Ray       |       |     8 ||     8
       Blink             |       |     2 ||     2
  Use: Scroll            |       |     5 ||     5
       Potion            |       |     3 ||     3
 Stab: Sleeping          |     2 |     1 ||     3
Armor: Leather armour    |    25 |    16 ||    41
Dodge: Dodged            |    55 |    54 ||   109

Table legend: (Time is in decaauts)
 A = Elapsed time spent in this place.
 B = Non-inter-level travel time spent in this place.
 C = Inter-level travel time spent in this place.
 D = Time resting spent in this place.
 E = Time spent auto-exploring this place.
 F = Levels seen in this place.
 G = Mean time per level.
                   A        B        C        D        E       F      G
               +--------+--------+--------+--------+--------+-----+--------+
         Total |   5153 |   5059 |     94 |    612 |   3579 |   6 |  858.8 |
       Dungeon |   5153 |   5059 |     94 |    612 |   3579 |   6 |  858.8 |
               +--------+--------+--------+--------+--------+-----+--------+

Top non-repeatable levels by time:
     D:1: 1753 daAuts
     D:4: 1236 daAuts
     D:2: 1236 daAuts
     D:3: 694 daAuts
     D:6: 202 daAuts
     D:5: 28 daAuts
